 Dungeon Crawl Stone Soup version 0.31.0-11-ge490571c62 (webtiles) character file.

Game seed: 9193560226968021322

478160 hikkokomori the Slayer (level 23, -7/334 HPs)
             Began as a Minotaur Berserker on Feb 5, 2024.
             Was the Champion of Trog.
             Mangled by a titan (16 damage)
             ... on level 5 of the Vaults.
             The game lasted 02:09:30 (59341 turns).

hikkokomori the Slayer (Minotaur Berserker)        Turns: 59341, Time: 02:09:31

Health: -7/334     AC: 27    Str: 40    XL:     23   Next: 66%
Magic:  31/31      EV: 15    Int:  4    God:    Trog [******]
Gold:   3840       SH: 23    Dex: 18    Spells: 22/22 levels left

rFire   + . .        A - +5 broad axe (freeze)
rCold   + + +        R - +0 tower shield {rC+}
rNeg    + . .        j - +4 plate armour "Fywesapo" {Fly}
rPois   .            (helmet restricted)
rElec   +            I - scarf {rC+ rF+}
rCorr   +            i - +0 pair of gloves
SInv    .            X - +2 pair of boots {Stlth+}
Will    +....        m - amulet of Mesilema {Acrobat rC+ rCorr Str+6} Stlth
                     v - ring of Ixkud {MP+9 Str+3 Slay+5 Stlth+}
HPRegen 0.75/turn    w - ring "Pemeacak" {rElec rN+ rCorr Str+6}
MPRegen 0.22/turn

%: acrobat
@: berserking, flying, constricted, very quick
A: horns 2, retaliatory headbutt
}: 2/15 runes: decaying, serpentine
a: Renounce Religion, Berserk, Trog's Hand, Brothers in Arms


You were on level 5 of the Vaults.
You worshipped Trog.
Trog was exalted by your worship.
You visited 10 branches of the dungeon, and saw 44 of its levels.
You also visited: Trove, Sewer, Ice Cave and Wizlab.

You collected 5899 gold pieces.
You spent 2059 gold pieces at shops.

Inventory:

Hand Weapons
 A - a +5 broad axe of freezing (weapon)
 Q - the +5 Force Lance {heavy, knockback}
   (You found it on level 9 of the Dungeon)
 U - a +4 antimagic broad axe
Missiles
 b - 5 silver javelins
 g - 2 javelins (quivered)
 C - 6 curare-tipped darts
 G - 8 throwing nets
Armour
 i - a +0 pair of gloves (worn)
 j - the +4 plate armour "Fywesapo" (worn) {Fly}
   (You found it on level 2 of the Depths)

   Fly:       It grants you flight.
 I - a scarf of resistance (worn)
 R - a +0 tower shield of cold resistance (worn)
 S - +0 pearl dragon scales
 X - a +2 pair of boots of stealth (worn)
Jewellery
 m - the amulet of Mesilema (around neck) {Acrobat rC+ rCorr Str+6}
   (You acquired it on level 11 of the Dungeon)

   [amulet of the acrobat]

   Acrobat:   It increases your evasion while moving and waiting.
   Str+6:     It affects your strength (+6).
   rC+:       It protects you from cold.
   rCorr:     It protects you from acid and corrosion.
 o - the amulet "Siog" {Faith +Blink rF+ Dex+2}
   (You found it in a treasure trove)

   [amulet of faith]

   Faith:     It allows you to gain divine favour quickly.
   Dex+2:     It affects your dexterity (+2).
   rF+:       It protects you from fire.
   +Blink:    It lets you blink.
 q - the ring "Lawiter" {rPois rC- rCorr Str+6 Int+2}
   (You found it on level 15 of the Dungeon)

   [ring of strength]

   Str+6:     It affects your strength (+6).
   Int+2:     It affects your intelligence (+2).
   rC-:       It makes you vulnerable to cold.
   rPois:     It protects you from poison rCorr: It protects you from acid and
   corrosion.
 v - the ring of Ixkud (left hand) {MP+9 Str+3 Slay+5 Stlth+}
   (You bought it in a shop on level 3 of the Vaults)

   [ring of magical power]

   Str+3:     It affects your strength (+3).
   Slay+5:    It affects your accuracy & damage with ranged weapons and melee
   (+5).
   MP+9:      It affects your magic capacity (+9).
   Stlth+:    It makes you more stealthy.
 w - the ring "Pemeacak" (right hand) {rElec rN+ rCorr Str+6}
   (You found it on level 5 of the Dungeon)

   [ring of strength]

   Str+6:     It affects your strength (+6).
   rElec:     It insulates you from electricity.
   rN+:       It protects you from negative energy.
   rCorr:     It protects you from acid and corrosion.
 z - the ring of the Hare {EV+10}
   (You found it on level 3 of the Crypt)

   [ring of evasion]

   EV+10:     It affects your evasion (+10).
 T - a ring of flight
Wands
 l - a wand of charming (26)
 y - a wand of polymorph (29)
 K - a wand of digging (28)
 M - a wand of acid (22)
 P - a wand of iceblast (44)
Scrolls
 a - a scroll of silence
 e - 16 scrolls of teleportation
 k - 3 scrolls of immolation
 p - 12 scrolls of enchant armour
 x - 4 scrolls of fog
 B - 6 scrolls of poison
 F - 8 scrolls of fear
 N - a scroll of summoning
 O - 4 scrolls of blinking
Potions
 c - 10 potions of enlightenment
 d - 2 potions of heal wounds
 f - a potion of invisibility
 n - 5 potions of resistance
 s - 7 potions of attraction
 t - 6 potions of mutation
 u - 8 potions of curing
 D - 5 potions of might
 E - 6 potions of haste
 J - 2 potions of berserk rage
 L - 3 potions of magic
 W - 11 potions of ambrosia
 Y - 2 potions of cancellation
Miscellaneous
 h - a lightning rod (4/4)
 r - a box of beasts
 H - a tin of tremorstones (2/2)
 V - a phantom mirror
 Z - a phial of floods


   Skills:
 - Level 22.2 Fighting
 + Level 18.4(19.6) Axes
 - Level 11.5(16.3) Polearms
 + Level 16.6 Throwing
 + Level 18.2 Armour
 + Level 15.5 Dodging
 - Level 11.9 Stealth
 - Level 21.2 Shields
 + Level 14.6 Evocations


You had 22 spell levels left.
You didn't know any spells.
Your spell library was empty.

Dungeon Overview and Level Annotations

Branches:
Dungeon (15/15)            Temple (0/1) D:7            Lair (5/5) D:8
  Swamp (4/4) Lair:3        Snake (4/4) Lair:3        Slime (0/5) Lair:4
    Orc (2/2) D:11            Elf (0/3) Orc:2        Vaults (5/5) D:14
  Crypt (3/3) Vaults:3       Tomb (0/3) Crypt:3      Depths (4/4) D:15
   Hell (visited)             Dis (1/7) Hell            Geh (0/7) Hell
    Coc (0/7) Hell            Tar (0/7) Hell            Zot (0/5) Depths:4
  Sewer (visited)           IceCv (visited)          WizLab (visited)

Altars:
Dithmenos
Elyvilon
Fedhas
Hepliaklqana
Kikubaaqudgha
Makhleb
Okawaru
Ru
Uskayaw
Vehumet
Wu Jian
Xom
Yredelemnul
Zin
The Shining One
Jiyva

Shops:
D:4 *   D:11 :   Orc:1 :   Orc:2 *=*(?   Snake:3 (!?   Vaults:3 =
Depths:3 :=:

Portals:
Hell: Depths:1 Depths:2 Depths:4
Pandemonium: Depths:2 Depths:3 Depths:4
Ziggurat: Depths:4

Annotations:
D:4 1 runed translucent door, Aneyh's ghost, amateur TeMo
D:5 2 transporters, Consumeair16's ghost, novice GnWn
Lair:3 2 runed translucent doors, JboZiK's ghost, journeyman OpSh


Innate Abilities, Weirdness & Mutations

You have a pair of horns on your head.
You reflexively headbutt those who attack you in melee.


Message History

You kill the ogre!
Trog accepts your kill.
You slash the titan! You freeze the titan.
Unknown command.
You slash the tentacled monstrosity! You freeze the tentacled monstrosity.
You headbutt the tentacled monstrosity!!
The tentacled monstrosity is severely wounded.
You slash the titan! You freeze the titan. You dice something like an onion!!!
You freeze something! Trog accepts your kill.
Trog appreciates your killing of a magic user.
Reactivating autopickup.
You feel a bit more experienced.
A storm dragon comes into view.
The deep elf sorcerer is empowered by the deep elf high priest's aura!
The ironbound convoker gestures at the vault sentinel while chanting.
The vault sentinel seems to grow stronger.
You block the titan's attack.
Unknown command.
You cut the titan into ribbons!!! You freeze the titan! You headbutt the titan.
The titan is severely wounded.
You slash the tentacled monstrosity! You freeze the tentacled monstrosity.
You slice the vault warden!! You freeze the vault warden!
You hear an angry hiss.
You hear a shout!
Unknown command.
You slice the titan!! You freeze the titan. You headbutt the titan.
The titan is almost dead.
You hit the tentacled monstrosity. You freeze the tentacled monstrosity.
You slice the freezing wraith!! You slice the vault warden!!
You freeze the vault warden.
The redback changes into a brain worm!
The swamp dragon changes into a torpor snail!
You block the tentacled monstrosity's attack.
The tentacled monstrosity tentacle-slaps you.
* * * LOW HITPOINT WARNING * * *
The tentacled monstrosity tentacle-slaps you but does no damage.
The tentacled monstrosity grabs you.
The tentacled monstrosity constricts you!
* * * LOW HITPOINT WARNING * * *
The titan hits you!
You die...

.#....#
#....##.C.#
#..X#...#
#..##D....#
#.....Cp.##
##....#Wp.##
#... ##.Wp##
#... ##wDp##
. #..
##)Ce#...#
#. #p@Xw...#
# #.W)#We.##
#...##....#
..e.##
.....# #...#
##... .....
... ....#.
#. ...##.


You could see a shadow dragon (strong), 2 tentacled monstrosities, a titan
(empowered), a storm dragon, a frost giant (empowered), a vault warden
(empowered), a hell knight, a deep elf sorcerer (fast, empowered), a torpor
snail shaped shifter, 2 vault sentinels, 2 deep elf high priests, 2 phantasmal
warriors, an ironbound convoker (empowered), 2 freezing wraiths and a brain worm
shaped shifter.

Vanquished Creatures
  2 dread liches (Depths:2)
  Mara (Depths:1)
  2 juggernauts
  Vashnia (Snake:3)
  Saint Roka (Depths:1)
  5 caustic shrikes (Depths:2)
  Geryon (Hell)
  A golden dragon (Depths:4)
  Jory (Crypt:3)
  A profane servitor (Crypt:3)
  A Hellbinder (WizLab)
  3 bone dragons
  A hellephant (WizLab)
  A tentacled monstrosity (Swamp:4)
  2 liches
  Jorgrun (Snake:3)
  A walking crystal tome (Depths:2)
  A walking divine tome (Depths:2)
  A tainted leviathan (Hell)
  A quicksilver dragon (Vaults:5)
  A deep elf master archer (Depths:2)
  A walking frostbound tome (Depths:2)
  3 ancient champions
  Frances (D:12)
  2 sphinxes
  2 shadow dragons
  Roxanne (D:14)
  Donald (Vaults:4)
  A storm dragon (Depths:4)
  Aizul (Snake:3)
  The ghost of wormsofcant the Slicer, an adept AtSh of Gozag (Snake:1)
  3 fire giants (Depths:1)
  3 tengu reavers
  A revenant (Crypt:3)
  The ghost of Cuegigoo the Bludgeoner, an adept DsFi of Yredelemnul (D:15)
  2 iron dragons
  A draconian shifter (Depths:4)
  10 nagarajas
  8 frost giants
  A deep elf sorcerer (Depths:2)
  A spectral juggernaut (Depths:2)
  The ghost of TuffENuff the Formicid Cataclysm, a journeyman FoFi of Qazlal (D:15)
  2 deep elf elementalists (Depths:2)
  A balrug (Hell)
  An orc warlord (Vaults:2)
  The ghost of Boahovan the Carver, a journeyman DsGl of Makhleb (D:15)
  The ghost of Xiestris the Carver, a journeyman DsGl of Makhleb (D:15)
  5 vault wardens
  Louise (Swamp:4)
  A spectral caustic shrike (Crypt:3)
  The ghost of Xuqir the Executioner, a journeyman MiBe of Trog (Snake:3)
  A cacodemon (WizLab)
  A formless jellyfish (Vaults:3)
  5 reapers (Hell)
  A spriggan defender (Depths:2)
  11 ghouls
  12 stone giants
  The ghost of Ruil the Warrior, a journeyman MiBe of Trog (D:15)
  6 ironbound thunderhulks
  15 very ugly things
  17 ironbound preservers
  13 vampire knights
  2 green draconians (Depths:4)
  Nessos (D:15)
  3 putrid mouths (Hell)
  A bunyip (Swamp:1)
  3 eleionomae
  Azrael (D:12)
  8 deep elf death magi
  3 red draconians (Depths:4)
  A purple draconian (Depths:4)
  2 war gargoyles
  2 spectral hellephants (Crypt:2)
  10 dire elephants (Vaults:2)
  A white draconian (Depths:4)
  A yellow draconian (Depths:4)
  A green death (WizLab)
  2 spark wasps
  7 eidola
  3 fire dragons
  5 ettins
  A crystal guardian (Depths:2)
  20 jiangshi
  Josephine (D:9)
  A merfolk javelineer (Depths:1)
  Fannar (D:10)
  8 yaktaur captains
  An entropy weaver (Vaults:4)
  4 salamander tyrants
  9 great orbs of eyes
  29 vault guards
  Harold (Lair:2)
  4 rakshasas
  8 spriggan air magi
  A hell beast (WizLab)
  19 hydras
  4 ogre magi
  7 ice dragons
  A peacekeeper (Vaults:4)
  A spectral shadow dragon (Crypt:2)
  5 alligators
  2 spectral fire giants (Depths:2)
  3 ghost crabs (Swamp:4)
  9 anacondas
  6 centaur warriors
  17 two-headed ogres
  5 ironbound frosthearts
  2 death knights (Crypt:3)
  A fenstrider witch skeleton (Hell)
  3 dancing weapons (D:13)
  9 naga warriors
  4 deep troll shamans
  7 tengu warriors
  7 death yaks (IceCv)
  An Orb Guardian skeleton (Crypt:2)
  5 boulder beetles
  A demonic crawler (Hell)
  8 deep troll earth magi
  2 spriggan berserkers
  5 hell hogs
  2 orc high priests (Depths:1)
  5 deep elf knights (Depths:2)
  5 soul eaters
  8 vampire magi
  2 spectral elves (Crypt:2)
  7 shock serpents
  2 occultists (D:15)
  20 naga sharpshooters
  9 hell knights
  4 shadow wraiths (Crypt:3)
  2 skysharks
  6 sun demons (Hell)
  2 sixfirhies (WizLab)
  3 iron trolls
  6 salamander mystics
  27 skeletal warriors
  60 deep trolls
  5 goliath frogs
  6 flayed ghosts
  13 mana vipers
  A glowing orange brain (Depths:2)
  2 anaconda zombies (Hell)
  A spectral anaconda (Snake:3)
  10 naga ritualists
  3 shadow demons
  A deep elf archer (Depths:2)
  10 swamp dragons
  4 spriggan druids
  A tengu zombie (Depths:2)
  18 bog bodies
  2 anaconda skeletons (Hell)
  11 ironbound convokers
  6 necromancers
  5 phantasmal warriors
  12 lindwurms
  Pikel (D:5)
  An alligator zombie (Hell)
  2 deep elf zephyrmancers (Depths:2)
  3 arcanists
  2 wolf spider zombies (D:12)
  2 orc sorcerers
  3 deep elf pyromancers
  4 orc knights
  8 will-o-the-wisps
  23 ugly things
  A fire giant zombie (Depths:2)
  A spectral shock serpent (Snake:3)
  5 cyclopes
  A faun (shapeshifter) (Vaults:5)
  31 salamanders
  An elephant (shapeshifter) (Depths:2)
  2 rust devils
  2 kobold blastminers (Orc:1)
  2 manticores
  9 centaur zombies
  38 black mambas
  13 vault sentinels
  A dire elephant zombie (Crypt:2)
  20 naga magi
  5 molten gargoyles
  2 ice statues
  An orange demon (WizLab)
  8 smoke demons
  A torpor snail (Lair:2)
  9 centaur skeletons
  12 cane toads
  6 guardian serpents
  A black draconian zombie (Crypt:1)
  A large abomination (Crypt:3)
  A shock serpent skeleton (Crypt:2)
  A storm dragon simulacrum (Depths:2)
  A grey draconian zombie (Crypt:2)
  A hellion (Vaults:3)
  2 unseen horrors (D:11)
  A yellow draconian zombie (Crypt:2)
  15 komodo dragons
  4 rime drakes
  A sea snake zombie (Crypt:1)
  A spectral glowing shapeshifter (Depths:2)
  16 yaktaurs
  2 redback zombies (D:12)
  An efreet (D:14)
  7 tengu conjurers
  A golden dragon simulacrum (Depths:2)
  6 freezing wraiths
  3 spectral nagas (Snake:3)
  5 red devils (WizLab)
  19 polar bears
  2 queen bees (shapeshifter)
  7 tyrant leeches
  A tengu simulacrum (Depths:2)
  A queen bee (Lair:2)
  13 trolls
  An ice devil (Hell)
  2 sea snake skeletons (Hell)
  Grinder (D:3)
  7 hornets
  A spectral guardian serpent (Snake:3)
  A hornet (shapeshifter) (D:14)
  5 dream sheep
  2 hellwings (WizLab)
  16 blink frogs
  3 hydra skeletons (Hell)
  34 slime creatures
  Sigmund (D:3)
  A jumping spider (shapeshifter) (D:13)
  2 shadows (Crypt:3)
  A centaur simulacrum (Hell)
  A human (D:14)
  2 culicivoras (shapeshifter)
  3 fire elementals (D:12)
  5 spriggans
  8 wyverns
  A dire elephant simulacrum (Crypt:3)
  3 small abominations (Crypt:3)
  3 water elementals
  11 wraiths
  A basilisk (Lair:1)
  52 yaks
  4 steam dragons
  4 fire bats (Depths:4)
  A warg (Orc:2)
  7 vampire mosquitoes
  A redback (Vaults:4)
  Menkaure (D:4)
  A glowing shapeshifter zombie (Depths:2)
  38 nagas
  13 swamp worms
  3 acid dragons (D:12)
  A faun skeleton (Crypt:2)
  10 water moccasins
  7 hell hounds
  Pargi (D:3)
  7 swamp drakes (Swamp:4)
  A naga skeleton (Hell)
  4 ice beasts
  30 laughing skulls
  4 black bears
  10 orc warriors
  3 black mamba simulacra (Snake:3)
  10 boggarts
  22 ogres
  48 wolves
  11 centaurs
  A rime drake zombie (Crypt:1)
  6 kobold brigands
  Blork the orc (D:5)
  2 weeping skulls (Crypt:3)
  A brain worm (Sewer)
  22 bullfrogs
  2 gnoll sergeants
  A komodo dragon skeleton (Crypt:1)
  8 necrophages
  2 scorpions
  4 burial acolytes (Crypt:3)
  4 wights (D:10)
  27 killer bees
  5 howler monkeys
  4 electric eels (D:12)
  6 lava snakes
  4 bombardier beetles
  2 jellies
  11 orc priests
  3 hounds
  A black bear skeleton (Crypt:1)
  12 hell rats (Hell)
  2 iguanas
  2 sleepcaps
  15 orc wizards
  2 naga simulacra (Snake:3)
  A boggart skeleton (D:12)
  2 ogre skeletons (Crypt:1)
  A boggart simulacrum (D:15)
  9 gnolls
  A river rat (D:6)
  8 adders
  A shadow imp (Snake:3)
  2 white imps
  3 ribbon worms
  48 orcs
  10 ball pythons
  7 endoplasms
  9 giant cockroaches
  9 goblins
  3 hobgoblins
  4 jackals (D:3)
  5 quokkas
  11 bats
  An endoplasm zombie (Crypt:1)
  5 frilled lizards
  30 kobolds
  4 rats
1802 creatures vanquished.

Vanquished Creatures (collateral kills)
  the Lernaean hydra (Swamp:4)
  A balrug (WizLab)
  A lorocyproca (WizLab)
  A green death (WizLab)
  A hell beast (WizLab)
  A death yak (IceCv)
  A soul eater (WizLab)
  A sun demon (WizLab)
  An arcanist (Vaults:4)
  A swamp dragon (Swamp:4)
  A shadow demon (WizLab)
  A rust devil (WizLab)
  A tormentor (WizLab)
  A red devil (WizLab)
14 creatures vanquished.

Vanquished Creatures (others)
  A lich (Depths:2)
  An occultist (Depths:2)
  An iron troll (Depths:2)
  3 goliath frogs (Swamp:4)
  A swamp dragon (Swamp:4)
  A black mamba (Snake:3)
  A polar bear (IceCv)
  3 bloated husks
  A swamp worm (Swamp:4)
  An orc priest (Depths:1)
  29 foxfires
43 creatures vanquished.

Grand Total: 1859 creatures vanquished

Notes
Turn   | Place    | Note
-------+----------+-------------------------------------------
     0 | D:1      | hikkokomori the Minotaur Berserker began the quest for the
                  | Orb.
     0 | D:1      | Reached XP level 1. HP: 19/19 MP: 0/0
   311 | D:1      | Reached XP level 2. HP: 27/27 MP: 1/1
   577 | D:1      | Reached skill level 5 in Axes
   577 | D:1      | Reached XP level 3. HP: 17/33 MP: 2/2
  1160 | D:2      | Reached ** piety under Trog
  1817 | D:3      | Noticed Sigmund
  1818 | D:3      | Noticed Pargi
  1827 | D:3      | Killed Pargi
  1828 | D:3      | Reached XP level 4. HP: 34/40 MP: 3/3
  1828 | D:3      | Reached XP level 5. HP: 39/46 MP: 4/4
  1834 | D:3      | Killed Sigmund
  1835 | D:3      | Reached XP level 6. HP: 28/52 MP: 5/5
  2174 | D:3      | Reached skill level 4 in Fighting
  2336 | D:3      | Found an ornate altar of the Wu Jian Council.
  2340 | D:3      | Noticed Grinder
  2340 | D:3      | Paralysed by Grinder for 5 turns
  2367 | D:3      | Paralysed by Grinder for 3 turns
  2371 | D:3      | Killed Grinder
  2372 | D:3      | Reached skill level 6 in Fighting
  2372 | D:3      | Reached XP level 7. HP: 52/63 MP: 6/6
  2509 | D:4      | Found a runed translucent door.
  2509 | D:4      | Noticed Aneyh's ghost (amateur TeMo)
  2521 | D:4      | Noticed Menkaure
  2529 | D:4      | Killed Menkaure
  2530 | D:4      | Reached skill level 7 in Fighting
  2539 | D:4      | Found Kowongi's Assorted Antiques.
  2703 | D:4      | Found a hazy altar of Hepliaklqana.
  2865 | D:4      | Found a sacrificial altar of Ru.
  2870 | D:4      | Reached *** piety under Trog
  3101 | D:5      | Entered Level 5 of the Dungeon
  3112 | D:5      | Identified the ring "Pemeacak" {rElec rN+ rCorr Str+6}
  3122 | D:5      | Found a shadowy altar of Dithmenos.
  3123 | D:5      | Noticed Blork the orc
  3131 | D:5      | Killed Blork the orc
  3132 | D:5      | Reached skill level 8 in Fighting
  3187 | D:5      | Found a transporter.
  3187 | D:5      | Found a transporter.
  3187 | D:5      | Noticed Consumeair16's ghost (novice GnWn)
  3243 | D:5      | Noticed Pikel
  3265 | D:5      | Killed Pikel
  3266 | D:5      | Reached skill level 10 in Fighting
  3266 | D:5      | Reached XP level 8. HP: 79/79 MP: 7/7
  4030 | D:6      | Reached skill level 1 in Shields
  4067 | D:6      | Found a hide-covered altar of Uskayaw.
  4186 | D:6      | Found a glowing drain.
  4211 | Sewer    | Entered a sewer
  4553 | Sewer    | Reached XP level 9. HP: 65/86 MP: 8/8
  4553 | Sewer    | Reached **** piety under Trog
  4555 | Sewer    | Reached skill level 5 in Armour
  4864 | D:6      | Reached skill level 5 in Shields
  5505 | D:7      | Found a staircase to the Ecumenical Temple.
  5682 | D:7      | Found a shimmering altar of Xom.
  5682 | D:7      | Found a glowing golden altar of the Shining One.
  6266 | D:8      | Noticed a troll
  6272 | D:8      | Killed a troll
  6344 | D:8      | Noticed a komodo dragon
  6349 | D:8      | Killed a komodo dragon
  6682 | D:8      | Found a staircase to the Lair.
  6782 | D:4      | Bought a runed war axe for 221 gold pieces
  6984 | D:8      | Reached XP level 10. HP: 88/94 MP: 9/9
  7032 | D:8      | Found a blossoming altar of Fedhas.
  7251 | D:8      | Reached skill level 11 in Fighting
  7308 | D:8      | Found a glowing silver altar of Zin.
  7775 | D:9      | Noticed a cyclops
  7789 | D:9      | Killed a cyclops
  7962 | D:9      | Reached skill level 10 in Axes
  7980 | D:9      | Reached skill level 12 in Fighting
  8167 | D:9      | Found the +5 Force Lance {heavy, knockback}
  8172 | D:9      | Noticed a two-headed ogre
  8181 | D:9      | Killed a two-headed ogre
  8560 | D:10     | Entered Level 10 of the Dungeon
  8560 | D:10     | Noticed Josephine
  8563 | D:10     | Reached skill level 1 in Polearms
  8569 | D:9      | Killed Josephine
  8600 | D:10     | Found an iron altar of Okawaru.
  8739 | D:10     | Found a white marble altar of Elyvilon.
  8785 | D:10     | Noticed Fannar
  8800 | D:10     | Killed Fannar
  8801 | D:10     | Reached XP level 11. HP: 105/105 MP: 10/10
  8913 | D:10     | Noticed a two-headed ogre
  8920 | D:10     | Killed a two-headed ogre
  8921 | D:10     | Reached skill level 5 in Polearms
  8921 | D:10     | Reached skill level 10 in Armour
  9098 | D:10     | Identified the +5 dagger "Waruets" {drain, Int+2}
  9345 | D:10     | Noticed a two-headed ogre
  9353 | D:10     | Killed a two-headed ogre
  9640 | Lair:1   | Entered Level 1 of the Lair of Beasts
  9882 | Lair:1   | Noticed a boulder beetle
  9899 | Lair:1   | Killed a boulder beetle
  9983 | Lair:1   | Reached ***** piety under Trog
 10167 | Lair:1   | Received a gift from Trog
 10263 | Lair:1   | Reached XP level 12. HP: 86/113 MP: 11/11
 10695 | Lair:2   | Reached skill level 1 in Throwing
 10705 | Lair:2   | Reached skill level 10 in Polearms
 10957 | Lair:2   | Noticed Harold
 10970 | Lair:2   | Killed Harold
 11077 | Lair:2   | Identified the +8 sling "Fikeov" {drain, Will+}
 11747 | Lair:2   | Reached skill level 5 in Throwing
 11933 | Lair:2   | Noticed a five-headed hydra
 11937 | Lair:2   | Killed a five-headed hydra
 12008 | Lair:2   | Noticed an eight-headed hydra
 12023 | Lair:2   | Killed an eight-headed hydra
 12224 | Lair:2   | Reached XP level 13. HP: 98/119 MP: 12/12
 12526 | Lair:3   | Found a radiant altar of Vehumet.
 12857 | Lair:3   | Found a staircase to the Swamp.
 12881 | Lair:3   | Found a large runed translucent door.
 12882 | Lair:3   | Found a large runed translucent door.
 12886 | Lair:3   | Noticed JboZiK's ghost (journeyman OpSh)
 13292 | Lair:3   | Found a staircase to the Snake Pit.
 13417 | Lair:3   | Reached skill level 13 in Fighting
 14366 | Lair:4   | Received a gift from Trog
 14607 | Lair:4   | Found a viscous altar of Jiyva.
 14608 | Lair:4   | Found a staircase to the Slime Pits.
 14876 | Lair:5   | Entered Level 5 of the Lair of Beasts
 15430 | Lair:5   | Found a sacrificial altar of Ru.
 15448 | Lair:5   | Reached skill level 14 in Fighting
 15550 | Lair:5   | Found a large runed translucent door.
 15737 | Lair:5   | Found a large runed translucent door.
 16535 | D:11     | Reached XP level 14. HP: 108/133 MP: 13/13
 16542 | D:11     | Identified a scroll of acquirement
 16734 | D:11     | Reached skill level 15 in Fighting
 16883 | D:11     | Found Empeuzxem's Book Emporium.
 16917 | D:11     | Found a frozen archway.
 17028 | IceCv    | Entered an ice cave
 17033 | IceCv    | Reached skill level 5 in Dodging
 17583 | IceCv    | Received a gift from Trog
 17647 | IceCv    | Reached skill level 10 in Shields
 17679 | IceCv    | Noticed a frost giant
 17709 | IceCv    | Killed a frost giant
 17925 | IceCv    | Identified the +2 pair of boots of Kauwy {Harm rCorr Str-4
                  | Int-5}
 18479 | D:11     | Identified the -1 pair of gloves "Zurrofit" {^Drain rC+
                  | rCorr}
 18663 | D:11     | Found a staircase to the Orcish Mines.
 19257 | Orc:1    | Entered Level 1 of the Orcish Mines
 19356 | Orc:2    | Entered Level 2 of the Orcish Mines
 19454 | Orc:2    | Found a staircase to the Elven Halls.
 19536 | Orc:1    | Found Wiem's Book Emporium.
 19545 | Orc:1    | Reached skill level 1 in Evocations
 19812 | Orc:2    | Received a gift from Trog
 20076 | Orc:2    | Found Laest's General Store.
 20267 | Orc:2    | Reached XP level 15. HP: 117/141 MP: 14/14
 20328 | Orc:2    | Found Hafeg's Magic Scroll Shoppe.
 20333 | Orc:2    | Found Avic's Jewellery Shop.
 20334 | Orc:2    | Found Sadijeb's Antique Weapon Boutique.
 20564 | Orc:2    | Found Cedor's Commerce Corner.
 20921 | Orc:2    | Bought a scroll of enchant weapon for 105 gold pieces
 20921 | Orc:2    | Bought a scroll of fear for 56 gold pieces
 20921 | Orc:2    | Bought a scroll of summoning for 133 gold pieces
 20921 | Orc:2    | Bought a scroll of identify for 28 gold pieces
 20934 | Orc:2    | Acquired the amulet of Mesilema {Acrobat rC+ rCorr Str+6}
 21120 | D:12     | Reached skill level 5 in Evocations
 21225 | D:12     | Found the +9 sword of Zonguldrok {reap}
 21225 | D:12     | Noticed a bone dragon
 21238 | D:12     | Killed a bone dragon
 21339 | D:12     | Reached ****** piety under Trog
 21536 | D:12     | Received a gift from Trog
 21640 | D:12     | Noticed Azrael
 21668 | D:12     | Killed Azrael
 21917 | D:12     | Noticed Frances
 21933 | D:12     | Killed Frances
 21934 | D:12     | Reached skill level 15 in Shields
 22938 | D:13     | Found a runed translucent door.
 23018 | D:13     | Reached skill level 15 in Axes
 23489 | D:14     | Identified the +6 mace "Kiam" {venom, Will++ Int-5 Dex-3
                  | Stlth+}
 23828 | D:14     | Identified the staff of the World {rElec Str+5 Int+2 Necro
                  | Air}
 23936 | D:14     | Found a portal to a secret trove of treasure.
 23984 | D:14     | Noticed Roxanne
 24033 | D:14     | Killed Roxanne
 24217 | D:14     | Found a gate to the Vaults.
 24285 | D:15     | Entered Level 15 of the Dungeon
 24464 | D:15     | Found a runed translucent gate.
 24464 | D:15     | Found a runed translucent gate.
 24464 | D:15     | Found a runed translucent gate.
 24464 | D:15     | Noticed Boahovan's ghost (journeyman DsGl)
 24464 | D:15     | Noticed Ruil's ghost (journeyman MiBe)
 24465 | D:15     | Noticed Xiestris's ghost (journeyman DsGl)
 24465 | D:15     | Noticed TuffENuff's ghost (journeyman FoFi)
 24465 | D:15     | Noticed Cuegigoo's ghost (adept DsFi)
 24494 | D:15     | Killed Boahovan's ghost
 24541 | D:15     | Killed Cuegigoo's ghost
 24548 | D:15     | Killed Xiestris's ghost
 24549 | D:15     | Reached XP level 16. HP: 103/149 MP: 15/15
 24566 | D:15     | Killed TuffENuff's ghost
 24566 | D:15     | Received a gift from Trog
 24571 | D:15     | Killed Ruil's ghost
 24608 | D:15     | Identified the ring "Lawiter" {rPois rC- rCorr Str+6 Int+2}
 24847 | D:15     | Noticed Nessos
 24857 | D:15     | Killed Nessos
 24981 | D:15     | Reached skill level 1 in Stealth
 25462 | D:15     | Identified the +0 robe of the Planets {*Slow Dex+3 Stlth+}
 25637 | D:15     | Found a staircase to the Depths.
 25929 | D:13     | Reached skill level 5 in Stealth
 26236 | Swamp:1  | Entered Level 1 of the Swamp
 27106 | Snake:1  | Entered Level 1 of the Snake Pit
 27133 | Snake:1  | Identified the +0 chain mail "Keypsev" {-Cast ^Contam Fly
                  | rCorr}
 27185 | Snake:1  | Received a gift from Trog
 27262 | Snake:1  | Found a runed translucent door.
 27262 | Snake:1  | Noticed wormsofcant's ghost (adept AtSh)
 27569 | Snake:1  | Identified the +0 ring mail of the Everdark {Int+4}
 28439 | Snake:1  | Killed wormsofcant's ghost
 29495 | Snake:2  | Received a gift from Trog
 29526 | Snake:2  | Identified the +1 morningstar of Okawaru's Esteem {flame,
                  | *Noise rElec rF+ rN+++}
 29669 | Snake:3  | Reached skill level 10 in Dodging
 29674 | Snake:3  | Reached skill level 10 in Stealth
 29694 | Snake:3  | Reached XP level 17. HP: 64/156 MP: 16/16
 29711 | Snake:3  | HP: 11/234 [poisoned by a naga sharpshooter (splash of
                  | poison)]
 29716 | Snake:3  | HP: 4/156 [poisoned by a naga sharpshooter (splash of
                  | poison)]
 30047 | Snake:3  | Found a runed translucent gate.
 30048 | Snake:3  | Found a runed translucent gate.
 30048 | Snake:3  | Found a runed translucent gate.
 30124 | Snake:3  | Noticed Xuqir's ghost (journeyman MiBe)
 30254 | Snake:3  | Killed Xuqir's ghost
 30354 | Snake:3  | Noticed Jorgrun
 30362 | Snake:3  | Killed Jorgrun
 30498 | Snake:3  | Found Moq Kitt's Magic Scroll Emporium.
 30509 | Snake:3  | Identified the serpent talisman of Valiance {+Blink rElec
                  | Dex-2 Slay+6}
 30509 | Snake:3  | Noticed Aizul
 30672 | Snake:3  | Killed Aizul
 30850 | Snake:3  | Bought a scroll of revelation for 120 gold pieces
 30850 | Snake:3  | Bought a scroll of enchant armour for 120 gold pieces
 30864 | Snake:3  | Received a gift from Trog
 30875 | Snake:3  | Noticed Vashnia
 30898 | Snake:3  | Killed Vashnia
 31287 | Snake:3  | Found Heyr Jif's Distillery.
 31399 | Snake:3  | Found Meimuj's Weapon Emporium.
 31438 | Snake:3  | Bought a potion of ambrosia for 144 gold pieces
 31438 | Snake:3  | Bought a potion of haste for 180 gold pieces
 31438 | Snake:3  | Bought a potion of haste for 180 gold pieces
 31438 | Snake:3  | Bought a potion of invisibility for 144 gold pieces
 31667 | Snake:4  | Entered Level 4 of the Snake Pit
 32756 | Snake:4  | Found a burning altar of Makhleb.
 32824 | Snake:4  | Received a gift from Trog
 33298 | D:14     | You paid a toll of a +6 demon blade to enter a treasure
                  | trove
 33299 | Trove    | Entered a treasure trove
 33328 | Trove    | Identified the amulet "Siog" {Faith +Blink rF+ Dex+2}
 34182 | Snake:4  | Reached skill level 16 in Fighting
 34348 | Snake:4  | Reached XP level 18. HP: 53/166 MP: 17/17
 35558 | Snake:4  | Received a gift from Trog
 36267 | Snake:4  | Got a serpentine rune of Zot
 37762 | Swamp:3  | Reached skill level 15 in Armour
 37795 | Swamp:3  | Reached skill level 17 in Fighting
 37897 | Swamp:3  | Identified the +5 hand axe of Lust {flame, rCorr Dex+2}
                  | (Trog gifted it to you on level 3 of the Swamp)
 37897 | Swamp:3  | Received a gift from Trog
 38341 | Swamp:4  | Entered Level 4 of the Swamp
 38341 | Swamp:4  | Noticed Louise
 38342 | Swamp:4  | Noticed a tentacled monstrosity
 38345 | Swamp:4  | Killed Louise
 38599 | Swamp:4  | Killed a tentacled monstrosity
 39248 | Swamp:4  | Noticed the 27-headed Lernaean hydra
 39255 | Swamp:4  | Killed the 27-headed Lernaean hydra
 39256 | Swamp:4  | Reached skill level 10 in Throwing
 39258 | Swamp:4  | Reached XP level 19. HP: 110/177 MP: 18/18
 39413 | Swamp:4  | Got a decaying rune of Zot
 39859 | Vaults:1 | Entered Level 1 of the Vaults
 40111 | Vaults:1 | Received a gift from Trog
 41560 | Vaults:2 | Reached skill level 18 in Fighting
 41707 | Vaults:2 | Found a magical portal.
 41785 | WizLab   | Entered The Hall of the Hellbinder
 42132 | WizLab   | Noticed a hellephant
 42152 | WizLab   | Killed a hellephant
 42390 | WizLab   | Found a burning altar of Makhleb.
 42391 | WizLab   | Noticed Kogeq
 42392 | WizLab   | Received a gift from Trog
 42397 | WizLab   | Killed Kogeq the Hellbinder
 42661 | WizLab   | Identified the +2 cloak of the Furies {Will+ Int+4}
 42683 | WizLab   | Identified the ring of the Intense Apricot {rC+ Will+
                  | Int+4}
 44185 | Vaults:3 | Reached XP level 20. HP: 155/189 MP: 19/19
 44186 | Vaults:3 | Reached skill level 19 in Fighting
 44200 | Vaults:3 | Reached skill level 10 in Evocations
 44389 | Vaults:3 | Found a staircase to the Crypt.
 44389 | Vaults:3 | Found an ancient bone altar of Kikubaaqudgha.
 44389 | Vaults:3 | Found a basalt altar of Yredelemnul.
 44399 | Vaults:3 | Found Pystem's Jewellery Shop.
 45332 | Vaults:3 | Bought the ring of Ixkud {MP+9 Str+3 Slay+5 Stlth+} for 628
                  | gold pieces
 45896 | Vaults:4 | Noticed Donald
 46152 | Vaults:4 | Received a gift from Trog
 46259 | Vaults:4 | Killed Donald
 47139 | Vaults:5 | Entered Level 5 of the Vaults
 47147 | Vaults:5 | Received a gift from Trog
 47149 | Vaults:5 | Reached skill level 20 in Fighting
 47436 | Depths:1 | Entered Level 1 of the Depths
 47436 | Depths:1 | Noticed Saint Roka
 47450 | Depths:1 | Killed Saint Roka
 47863 | Depths:1 | Reached XP level 21. HP: 199/201 MP: 20/20
 47943 | Depths:1 | Noticed a juggernaut
 47951 | Depths:1 | Killed a juggernaut
 48283 | Depths:1 | Noticed Mara
 48330 | Depths:1 | Noticed hikkokomori's illusion
 48341 | Depths:1 | Killed Mara
 48958 | Depths:1 | Found a gateway to Hell.
 49511 | Depths:2 | Received a gift from Trog
 49588 | Depths:2 | Identified the +4 plate armour "Fywesapo" {Fly}
 49602 | Depths:2 | Identified the ring "Cemapuarch" {rC- MP+9 Str+4 Dex+4}
 49665 | Depths:2 | Noticed a caustic shrike
 49668 | Depths:2 | Noticed a caustic shrike
 49672 | Depths:2 | Noticed a caustic shrike
 49680 | Depths:2 | Killed a caustic shrike
 49680 | Depths:2 | Killed a caustic shrike
 49681 | Depths:2 | Noticed a caustic shrike
 49688 | Depths:2 | Killed a caustic shrike
 49699 | Depths:2 | Killed a caustic shrike
 50029 | Depths:2 | Noticed a caustic shrike
 50052 | Depths:2 | Noticed a dread lich
 50071 | Depths:2 | Killed a dread lich
 50075 | Depths:2 | Reached skill level 21 in Fighting
 50079 | Depths:2 | Noticed a dread lich
 50103 | Depths:2 | Killed a dread lich
 50197 | Depths:2 | Received a gift from Trog
 50628 | Depths:2 | Identified the +1 chain mail of the Gusle {Dex+4}
 51044 | Depths:2 | Found a one-way gate leading to the halls of Pandemonium.
 51337 | Depths:2 | Identified the +5 morningstar of the End of Times {heavy,
                  | Will+ MP+9}
 51501 | Depths:3 | Reached XP level 22. HP: 175/213 MP: 21/21
 51615 | Depths:3 | Noticed a juggernaut
 51622 | Depths:3 | Killed a juggernaut
 51659 | Depths:3 | Received a gift from Trog
 51704 | Depths:3 | Found Rof Fiji's Book Shoppe.
 51705 | Depths:3 | Found Bik Edghe's Jewellery Boutique.
 51706 | Depths:3 | Found Jeezyo's Book Shoppe.
 51972 | Depths:3 | Reached skill level 15 in Throwing
 51985 | Depths:3 | You are sucked into a shaft and drop 1 floor!
 51985 | Depths:4 | Entered Level 4 of the Depths
 52507 | Depths:4 | Found a gate to the Realm of Zot.
 52507 | Depths:4 | Noticed a golden dragon
 52513 | Depths:4 | Killed a golden dragon
 52697 | Depths:4 | Found a one-way gateway to a ziggurat.
 52722 | Depths:4 | Found a hide-covered altar of Uskayaw.
 53575 | Hell     | Entered the Vestibule of Hell
 53575 | Hell     | Noticed Geryon
 53609 | Hell     | Killed Geryon
 53623 | Hell     | Reached skill level 22 in Fighting
 54021 | Hell     | Received a gift from Trog
 54034 | Hell     | Found a gateway to the Iron City of Dis.
 54201 | Dis:1    | Entered Level 1 of the Iron City of Dis
 54203 | Dis:1    | Noticed a caustic shrike
 54371 | Hell     | Found a gateway to the freezing wastes of Cocytus.
 54461 | Hell     | Found a gateway to the decaying netherworld of Tartarus.
 54884 | Hell     | Found a gateway to the ashen valley of Gehenna.
 55147 | Depths:2 | Killed a caustic shrike
 55394 | Crypt:1  | Entered Level 1 of the Crypt
 55823 | Crypt:1  | Paralysed by something for 2 turns
 56450 | Crypt:1  | Received a gift from Trog
 56704 | Crypt:2  | Reached XP level 23. HP: 210/220 MP: 22/22
 56908 | Crypt:2  | Found a basalt altar of Yredelemnul.
 56995 | Crypt:2  | Identified the +1 robe of the Locust {+Inv MP+9 Dex-2}
 56996 | Crypt:2  | Identified the +4 chain mail of Kikubaaqudgha's Scorn
                  | {*Slow rC+ rCorr}
 57444 | Crypt:3  | Entered Level 3 of the Crypt
 57602 | Crypt:3  | Found an ancient bone altar of Kikubaaqudgha.
 57716 | Crypt:3  | Paralysed by a vampire knight for 2 turns
 58066 | Crypt:3  | Received a gift from Trog
 58067 | Crypt:3  | Reached skill level 15 in Dodging
 58318 | Crypt:3  | Found the amulet of the Air {Inacc Air Fly rElec RMsl}
 58376 | Crypt:3  | Paralysed by a vampire knight for 2 turns
 58428 | Crypt:3  | Found a staircase to the Tomb.
 58428 | Crypt:3  | Noticed Jory
 58445 | Crypt:3  | Killed Jory
 58551 | Crypt:3  | Identified the +0 robe "Xamyxoopt" {rC+}
 58851 | Crypt:3  | Found the ring of the Hare {EV+10}
 58909 | Crypt:3  | Identified the ring "Fyli Ini" {rN+ Dex+2}
 58909 | Crypt:3  | Identified the ring of Amelioration {rElec rN+ Stlth+}
 58909 | Crypt:3  | Identified the ring "Ryigom" {rN+ Str-3 Int+7}
 59292 | Vaults:5 | Noticed a dread lich
 59335 | Vaults:5 | Received a gift from Trog
 59341 | Vaults:5 | HP: 16/334 [tentacled monstrosity (6)]
 59341 | Vaults:5 | Mangled by a titan

Illustrated notes

Levels and vault maps discovered:
D:1:      lemuel_arrival_behind_the_door_large, layout_loops_cross,
          nrook_loot_triangle, roderic_lattice_a
D:2:      layout_loops_corners
D:3:      layout_rooms, mainiacjoe_overflow_boulevard, st_stairs_2,
          minmay_cupped, uniq_pargi, uniq_grinder, uniq_sigmund
D:4:      layout_rooms, nzn_hepliaklqana_mist_gate,
          nicolae_ru_great_annihilating_truth, serial_shops,
          nicolae_shop_tiny_real_fake_doors, ebering_ghost_reflecting_pool,
          uniq_menkaure
D:5:      layout_loops_ring, mainiacjoe_overflow_catwalk, gammafunk_ghost_hive,
          uniq_blork_the_orc, uniq_pikel
D:6:      layout_loops_ring, eat_drink_and_be_merry_uskayaw,
          cheibrodos_sewer_entry_sluice, serial_glass, glass_columns_a,
          glass_columns_b, glass_columns_a, glass_columns_c, minmay_between
D:7:      layout_cave_pods, nicolae_overflow_two_pavilions,
          minmay_temple_entry_hall
D:8:      layout_loops_ring, zin_scriptorium, amcnicky_altar_gilded,
          david_lair_shrubbed
D:9:      layout_roguey, kennysheep_path_1
D:10:     layout_stronghold, nicolae_overflow_crystal_walls, okawaru_trees_1,
          roderic_malta_cross, uniq_fannar, uniq_josephine
D:11:     layout_basic, orc_0_dummy, serial_shops, shop,
          portal_ice_cave_entry_animals_and_master
D:12:     layout_basic, minmay_guarded_unrand_zonguldrok, uniq_azrael,
          uniq_frances
D:13:     layout_cave_pods, nicolae_danse_macabre
D:14:     minmay_bloctagon_deflated, layout_cave_pools, hellmonk_vaults_keyhole,
          enter_trove_6, chequers_serial_rivers_small_3, uniq_roxanne
D:15:     grunt_enter_depths_magical_seal, layout_loops_ring,
          gammafunk_ghost_cemetery, nicolae_eternal_life, uniq_nessos
Lair:1:   layout_regular_city, pond
Lair:2:   layout_gridlike, special_room [special_room_bee], nzn_random_ring,
          grunt_megastairs_3, uniq_harold
Lair:3:   layout_chaotic_city, minmay_swamp_entry_worms,
          alex1729_snake_entry_snake, basic_altar, ebering_ghost_disaster_area
Lair:4:   layout_cave_pods, dpeg_slime_entry_enclosed
Lair:5:   cheibrodos_lair_end_hotspot, layout_cave_pods, basic_altar, uniq_snorg
Swamp:1:  layout_falls_marsh, nicolae_swamp_treefoil
Swamp:2:  layout_falls_marsh, serial_swamp_ruin, evilmike_swamp_ruin_house_5,
          evilmike_swamp_ruin_house_3
Swamp:3:  layout_basic_swamp, evilmike_swamp_ruin_house_2
Swamp:4:  grunt_swamp_rune_castle, layout_basic_swamp, uniq_louise
Snake:1:  layout_chambers, hellmonk_ghost_happy_afterlife,
          nicolae_snake_linked_coils
Snake:2:  layout_rooms, drop_trap, nicolae_snake_salamander_zone
Snake:3:  hangedman_cross_stitches, layout_misc_corridors, serial_shops,
          nicolae_shop_bloodbath_and_beyond, shop,
          nicolae_shop_industrial_runoff, gammafunk_ghost_necromancy,
          uniq_vashnia, uniq_jorgrun, uniq_aizul
Snake:4:  grunt_snake_rune_serpentine_throne, layout_chambers, basic_altar,
          nicolae_snake_magic_snake_eye
Orc:1:    layout_caves, serial_shops, shop
Orc:2:    st_orc_open, layout_diamond_mine, basic_altar,
          regret_index_minedec_shroomtown_chain, nicolae_alphabet_shops
Vaults:1: vaults_standard_mumra_x, ontoclasm_vaults_shuriken,
          nicolae_vaults_spaceships, v_misc_23, v_misc_17,
          vaults_room_stairs_pillars, nicolae_vaults_three_branches,
          layout_vaults_omnigrid
Vaults:2: lightli_enter_wizlab_magi_temple, nicolae_vaults_tangram_1,
          nicolae_vaults_little_squares_1, kennysheep_ogre_elephant_herders,
          nicolae_vaults_house_1, nicolae_vaults_yaktaur_gun_rack,
          nicolae_vaults_big_angled_halls, ontoclasm_vaults_chip, v_rooms_6,
          nicolae_vaults_trapezoid_1, v_misc_28, v_misc_24,
          nicolae_vaults_hexular_roomagon, v_misc_8, hangedman_vaults_trim,
          nicolae_vaults_bisected_slash, nicolae_vaults_closet_pinwheel_4,
          layout_vaults_omnicross
Vaults:3: minmay_crypt_entry_necro_gods, nicolae_vaults_double_plus_1,
          nicolae_vaults_trapezoid_4, ontoclasm_vaults_ring_small,
          nicolae_vaults_alarming, nicolae_vaults_tetromino_Z_1,
          layout_vaults_chaotic_city, serial_shops,
          nicolae_shop_pleasant_corner_grove
Vaults:4: nicolae_vaults_network_barrier, nicolae_vaults_what_the_h,
          nicolae_vaults_storage_closets_3, nicolae_vaults_cochlea,
          nicolae_vaults_swerve, nicolae_vaults_six-pack, vaults_mumra_lcd,
          nicolae_vaults_tetromino_T_2, st_lattice,
          nicolae_vaults_network_quinsquares
          [nicolae_vaults_network_quincunx_subvault,
          nicolae_vaults_network_quincunx_subvault,
          nicolae_vaults_network_quincunx_subvault,
          nicolae_vaults_network_quincunx_subvault],
          hangedman_vaults_stretched_pinwheel, grunt_vaults_hallway_long,
          nicolae_vaults_storage_room_water, nicolae_vaults_prndl, v_pattern_4,
          layout_vaults_omnibox, uniq_donald
Vaults:5
Crypt:1:  layout_chaotic_city, grunt_ministairs_5, grunt_crypt_arrival_split
Crypt:2:  layout_misc_corridors, basic_altar,
          amcnicky_mini_rare_corridor_liquid, beargit_elvish_explorers,
          uniq_josephina
Crypt:3:  grunt_crypt_end_deaths_head
Depths:1: layout_gridlike, serial_bayou_pond_a, pf_hell_entry_great_geh,
          minmay_checkered_concentric_circles, serial_bayou_shore_b,
          serial_bayou_shore_b, grunt_megastairs_1, uniq_mara, uniq_saint_roka
Depths:2: hellmonk_hyper_hexagons [hex_subvault_uneven, hex_subvault_spokes,
          hex_subvault_ellipse_pattern, hex_subvault_orbs, hex_subvault_rooms,
          hex_subvault_roundabout], pan_entry, hell_entry
Depths:3: minmay_the_grid_net [minmay_the_grid_doors, minmay_the_grid_eight,
          minmay_the_grid_armoury, minmay_the_grid_odd_star,
          minmay_the_grid_outer_diamond, minmay_the_grid_prize_trominoes],
          layout_gridlike, abyss_entry_flame_altar, lightli_too_deep, pan_entry,
          minmay_shop_grove, infiniplex_staircase_river
Depths:4: grunt_twist_and_shout, layout_basic, enter_ziggurat_b,
          rand_demon_pan_entry_9, lemuel_crystal_altar, hell_entry
Hell
Dis:1:    layout_regular_city

Skill      XL: |  1  2  3  4  5  6  7  8  9 10 11 12 13 14 15 16 17 18 19 20 21 22 23 |
---------------+----------------------------------------------------------------------+-----
Axes           | 4 5 7 8 10 11 14 15 16 17 18 | 18.4
Fighting       | 6 10 12 14 15 16 17 18 20 21 22 | 22.2
Armour         | 4 8 9 12 14 15 16 17 18 | 18.2
Shields        | 3 7 13 15 16 17 18 19 21 | 21.2
Polearms       | 4 9 11 | 11.5
Throwing       | 5 7 10 11 13 14 15 16 | 16.6
Dodging        | 4 5 10 12 13 14 15 | 15.5
Evocations     | 4 8 9 11 12 14 | 14.6
Stealth        | 10 11 | 11.9

Action                     |  1- 3 |  4- 6 |  7- 9 | 10-12 | 13-15 | 16-18 | 19-21 | 22-24 || total
---------------------------+-------+-------+-------+-------+-------+-------+-------+-------++-------
  Melee: Hand axe          |    85 |    66 |    68 |       |    12 |     3 |     2 |       ||   236
         Headbutt          |    11 |     9 |    45 |    61 |   241 |   192 |   311 |   304 ||  1174
         Battleaxe         |       |       |   155 |       |       |       |       |       ||   155
         War axe           |       |       |     1 |    95 |    41 |       |       |       ||   137
         Lance             |       |       |       |   378 |  1218 |  1157 |   160 |       ||  2913
         Broad axe         |       |       |       |       |    13 |   172 |   883 |   896 ||  1964
         Double sword      |       |       |       |       |     7 |       |       |       ||     7
         Unarmed           |       |       |       |       |       |       |    12 |       ||    12
   Fire: Sling             |       |       |       |     4 |    25 |       |       |       ||    29
  Throw: Dart              |       |       |       |     1 |       |       |       |       ||     1
         Javelin           |       |       |       |       |     3 |       |     4 |     1 ||     8
 Invoke: Berserk           |     1 |       |       |     4 |     9 |    13 |    12 |     7 ||    46
         Trog's Hand       |     1 |       |       |       |     1 |     2 |     8 |     2 ||    14
         Brothers in Arms  |       |       |       |       |     1 |       |     5 |       ||     6
  Evoke: Wand              |       |       |       |     1 |       |     6 |     3 |     2 ||    12
         Lightning rod     |       |       |       |       |       |     4 |       |       ||     4
         Tin of tremorston |       |       |       |       |       |     4 |     3 |       ||     7
         Phantom mirror    |       |       |       |       |       |     1 |       |       ||     1
         Box of beasts     |       |       |       |       |       |       |     1 |       ||     1
         Phial of floods   |       |       |       |       |       |       |     1 |       ||     1
    Use: Scroll            |       |       |    12 |     5 |    11 |    14 |     6 |     1 ||    49
         Potion            |       |       |       |     1 |     4 |    11 |    13 |     8 ||    37
   Stab: Paralysed         |       |       |     1 |       |       |       |       |       ||     1
         Distracted        |       |       |     1 |     1 |     1 |     6 |     3 |     1 ||    13
         Sleeping          |       |       |       |       |       |    18 |    23 |     7 ||    48
         Invisible         |       |       |       |       |       |     1 |       |     1 ||     2
 Armour: Animal skin       |    36 |       |       |       |       |       |       |       ||    36
         Plate armour      |    40 |    51 |   202 |   354 |   629 |     6 |   249 |   434 ||  1965
         Pearl dragon scal |       |       |       |       |       |   532 |   273 |       ||   805
         Skin              |       |       |       |       |       |       |    10 |       ||    10
  Dodge: Dodged            |    57 |    12 |    82 |   169 |   203 |   366 |   408 |   261 ||  1558
  Block: Buckler           |       |       |     1 |   111 |    89 |       |       |       ||   201
         Tower shield      |       |       |       |       |   635 |  1035 |   978 |   924 ||  3572
